 Dungeon Crawl Stone Soup version 0.19-a0-1068-g99dd0f4 (webtiles) character file.

256 Ijustatesigmund the Skirmisher (level 5, -4/43 HPs)
             Began as a Demonspawn Fighter on Aug 4, 2016.
             Slain by Sigmund
             ... wielding a +1 scythe of distortion
              (13 damage)
             ... on level 3 of the Dungeon.
             The game lasted 00:06:40 (2954 turns).

Ijustatesigmund the Skirmisher (Demonspawn Fighter) Turns: 2954, Time: 00:06:41

Health: -4/43      AC: 22    Str: 17    XL:     5   Next: 92%
Magic:  5/5        EV:  2    Int:  9    God:
Gold:   123        SH:  8    Dex: 13    Spells: 0 memorised, 4 levels left

rFire  . . .     SeeInvis .     a - +0 flail
rCold  + . .     Gourm    .     e - +0 plate armour
rNeg   . . .     Faith    .     c - +0 shield
rPois  .         Spirit   .     j - +0 helmet
rElec  .         Dismiss  .     (no cloak)
rCorr  .         Reflect  .     h - +0 pair of gloves
SustAt .         Harm     .     (no boots)
MR     .....                    (no amulet)
Stlth  ..........               (no ring)
                                (no ring)

@: sanguine armour
A: claws 1, cold resistance 1, sanguine armour 2
a: no special abilities


You were on level 3 of the Dungeon.
You were not hungry.

You visited 1 branch of the dungeon, and saw 3 of its levels.

You collected 123 gold pieces.

Inventory:

Hand Weapons
 a - a +0 flail (weapon)
Armour
 c - a +0 shield (worn)
 e - a +0 plate armour (worn)
 h - a +0 pair of gloves (worn)
 j - a +0 helmet (worn)
Scrolls
 l - 2 scrolls of remove curse
Potions
 g - a potion of resistance
 i - a potion of curing {unknown}
 n - a potion of berserk rage {unknown}
Comestibles
 d - 2 chunks of flesh
 f - 2 bread rations
 m - 4 fruits


   Skills:
 + Level 4.6 Fighting
 * Level 4.6 Maces & Flails
 - Level 2.6 Armour
 - Level 2.6 Shields


You had 4 spell levels left.
You didn't know any spells.

Dungeon Overview and Level Annotations

Branches:
Dungeon (3/15)

Altars:

Annotations:
D:3 Sigmund


Innate Abilities, Weirdness & Mutations

You have sharp fingernails.
Your flesh is cold resistant. (rC+)
When seriously injured, your bleeding wounds create thick armour. (AC +9)


Message History

Something hits you but does no damage. Space bends around you.
Something hits you but does no damage. Space bends around you.
You closely miss something. Something hits you. Space bends around you.
You closely miss something.
Your plate armour prevents you from hitting something.
You block something's attack.
You barely miss something. Something hits you but does no damage.
Space bends around you.
Your blood congeals into armour.
You miss something. Something hits you but does no damage.
Space warps horribly around you!
* * * LOW HITPOINT WARNING * * *
You sock something!
You hear some strange, mumbled words.
A puff of flame appears from out of thin air!
The puff of flame hits you!
You closely miss something. Something hits you but does no damage.
You blink.
Okay, then.
It was a potion of cancellation.
You feel magically purged. Something hits you but does no damage.
Space warps horribly around you!
You die...

#........#####.#
#.######## #.#
#.# #.# # #†#
#.### #{# #....
#.# ##.#. #@# ##
#.# # #.# # #.#
#.## #.# #...
#.# #..# #..
##.. ... #.. #.#
##.


There were no monsters in sight!

Vanquished Creatures
  A gnoll shaman (D:3)
  An orc wizard (D:3)
  Natasha (thrice) (D:3)
  3 gnolls (D:3)
  4 adders
  An ooze (D:2)
  A dart slug (D:1)
  A giant gecko (D:2)
  2 orcs (D:3)
  2 ball pythons (D:3)
  2 giant cockroaches (D:1)
  7 goblins
  6 hobgoblins
  5 jackals
  5 bats
  2 giant newts
  4 kobolds
  4 rats
54 creatures vanquished.

Notes
Turn   | Place    | Note
-------+----------+-------------------------------------------
     0 | D:1      | Ijustatesigmund the Demonspawn Fighter began the quest for the Orb.
     0 | D:1      | Reached XP level 1. HP: 18/18 MP: 1/1
   154 | D:1      | Gained mutation: When seriously injured, your bleeding wounds create armour. (AC +9) [demonic ancestry]
   154 | D:1      | Reached XP level 2. HP: 18/24 MP: 2/2
  1177 | D:2      | Gained mutation: Your flesh is cold resistant. (rC+) [demonic ancestry]
  1177 | D:2      | Reached XP level 3. HP: 29/29 MP: 3/3
  1979 | D:3      | Gained mutation: You have sharp fingernails. [demonic ancestry]
  1979 | D:3      | Reached XP level 4. HP: 31/37 MP: 4/4
  2019 | D:3      | Noticed Natasha
  2032 | D:3      | Killed Natasha
  2050 | D:3      | Noticed Natasha
  2060 | D:3      | Killed Natasha
  2060 | D:3      | Gained mutation: When seriously injured, your bleeding wounds create thick armour. (AC +9) [demonic ancestry]
  2060 | D:3      | Reached XP level 5. HP: 22/42 MP: 5/5
  2149 | D:3      | Noticed Natasha
  2172 | D:3      | Killed Natasha
  2929 | D:3      | Noticed Sigmund
  2954 | D:3      | Slain by Sigmund

Vault maps used:
D:1:      dpeg_arrival_simpleton_a, corexii_item_surrounded_by_moat,
          minmay_crystal_water, st_stairs_10
D:3:      serial_glass, glass_columns_b, glass_columns_a, glass_columns_b,
          glass_columns_a, glass_columns_c, glass_columns_c,
          minmay_misc_feat_encased, uniq_natasha, uniq_sigmund

Skill      XL: |  1  2  3  4 |
---------------+-------------+-----
Maces & Flails | 2 3 4 |  4.6
Fighting       | 4 |  4.6
Armour         | |  2.6
Shields        | |  2.6

Action                   |  1- 3 |  4- 6 || total
-------------------------+-------+-------++-------
Melee: Flail             |   152 |   138 ||   290
  Use: Scroll            |     3 |     1 ||     4
       Potion            |       |     3 ||     3
  Eat: Chunk             |     3 |     4 ||     7
Armor: Scale mail        |    86 |       ||    86
       Plate armour      |    27 |   108 ||   135
Dodge: Dodged            |    60 |     8 ||    68
Block: Shield            |    96 |    56 ||   152
